AoeStats
← Derribando Burocracias

Black Forest

510899559Analyzed
4v4 RM · 5h ago on Oct 3, 2026· 91m 18s· 8 players
Game mode
Random Map
Map size
Large (8 player)
Population
200
Speed
Normal
Resources
Standard
Victory
Conquest
Starting age
Dark Age
Ending age
Imperial Age
RankedLock teamsTeams togetherTeam positionsShared explorationLock speedFull tech treeHidden civsTurbo modeCheats
Victory
Defeat
🇻🇳 Bulgarians · Vietnam
609
+12
594
+13
🇦🇷 Turks · Argentina
494
+17
🇲🇽 Dravidians · Mexico
356
+23
🇲🇽 Teutons · Mexico
580
-18
🇧🇩 Romans · Bangladesh
535
-17
🇺🇸 Varangians · United States
531
-17
🇨🇴 Wei · Colombia
431
-13
Purplejbaked
7:01 Loom
13:28 Feudal Age
21:01 Forging
21:23 Horse Collar
22:43 Scale Mail Armor
23:59 Double-Bit Axe
30:08 Castle Age
29:38 Arson
33:28 Chain Mail Armor
33:48 Iron Casting
33:19 Scale Barding Armor
35:54 Gambesons
36:10 Squires
37:39 Pikeman
37:47 Pikeman
50:49 Chain Barding Armor
55:13 Imperial Age
54:01 Caravan
55:20 Bloodlines
55:10 Husbandry
55:25 Stone Mining
55:33 Gold Mining
57:17 Murder Holes
57:32 Masonry
57:03 Treadmill Crane
56:59 Cavalier
torreshdc
0:26 Loom
14:17 Feudal Age
15:07 Double-Bit Axe
15:04 Horse Collar
16:39 Man-at-Arms
24:21 Castle Age
23:29 Gold Mining
24:30 Forging
24:21 Scale Mail Armor
24:21 Padded Archer Armor
24:11 Fletching
25:55 Heavy Plow
26:28 Bow Saw
26:29 Caravan
27:01 Coinage
27:53 Long Swordsman
28:51 Chain Mail Armor
29:11 Iron Casting
28:51 Leather Archer Armor
28:31 Bodkin Arrow
28:51 Leather Archer Armor
31:31 Elite Skirmisher
32:28 Stone Mining
33:59 Gambesons
38:34 Imperial Age
37:44 Pikeman
38:55 Ironclad
38:58 Heated Shot
39:07 Two-Handed Swordsman
39:08 Onager
40:44 Crop Rotation
41:42 Two-Man Saw
41:39 Plate Mail Armor
41:39 Ring Archer Armor
42:09 Blast Furnace
41:39 Plate Mail Armor
40:54 Pikeman
41:34 Squires
47:48 Arson
50:30 Champion
51:27 Crossbowman
59:17 Masonry
59:29 Ballistics
58:55 Arrowslits
59:00 Guard Tower
59:21 Fortified Wall
59:17 Siege Engineers
mig8at
16:34 Feudal Age
23:44 Double-Bit Axe
23:54 Horse Collar
27:15 Wheelbarrow
33:40 Castle Age
32:31 Bloodlines
33:27 Scale Barding Armor
34:38 Stone Mining
35:40 Husbandry
35:00 Light Cavalry
37:00 Scale Mail Armor
36:33 Pikeman
56:43 Heavy Plow
58:36 Chain Barding Armor
58:34 Bow Saw
61:07 Hand Cart
62:18 Stone Shaft Mining
K9EIN࿐DADDY
14:56 Feudal Age
15:27 Horse Collar
17:06 Wheelbarrow
24:48 Castle Age
24:41 Padded Archer Armor
24:47 Scale Barding Armor
25:45 Double-Bit Axe
26:20 Hand Cart
28:10 Bow Saw
31:19 Man-at-Arms
34:17 Long Swordsman
35:27 Heavy Plow
36:13 Leather Archer Armor
36:19 Chain Barding Armor
39:34 Imperial Age
40:32 Heavy Scorpion
42:28 Ring Archer Armor
43:51 Chemistry
44:38 Ballistas
44:44 Siege Engineers
45:01 Legionary
45:49 Caravan
51:10 Elite Centurion
52:10 Comitatenses
62:51 Plate Barding Armor
62:18 Scale Mail Armor
Wendy9235
1:03 Loom
19:12 Feudal Age
19:55 Stone Mining
19:59 Horse Collar
20:58 Double-Bit Axe
21:59 Town Watch
23:44 Wheelbarrow
35:00 Castle Age
35:34 Gold Mining
36:03 Hand Cart
35:52 Town Patrol
35:55 Heavy Plow
36:09 Bow Saw
36:16 Caravan
37:37 Forging
37:28 Scale Mail Armor
37:35 Scale Barding Armor
37:30 Padded Archer Armor
37:44 Light Cavalry
38:25 Husbandry
38:45 Fletching
40:23 Iron Casting
43:12 Guard Tower
43:33 Masonry
43:45 Ballistics
45:10 Fortified Wall
51:33 Imperial Age
50:00 Chain Mail Armor
53:06 Chain Barding Armor
53:02 Leather Archer Armor
52:47 Murder Holes
54:09 Hoardings
55:21 Heavy Scorpion
57:05 Conscription
57:27 Keep
58:45 Thumb Ring
61:01 Blast Furnace
59:40 Siege Elephant
60:07 Man-at-Arms
60:47 Squires
60:08 Pikeman
60:34 Gambesons
60:35 Arson
61:47 Elite Skirmisher
63:20 Coinage
63:01 Guilds
63:56 Arrowslits
77:15 Banking
87:52 Medical Corps
91:06 Plate Mail Armor
Derribando Burocracias
9:36 Feudal Age
10:51 Double-Bit Axe
17:06 Castle Age
21:11 Wheelbarrow
20:28 Gold Mining
20:35 Stone Mining
20:58 Bow Saw
21:04 Loom
22:55 Hand Cart
30:10 Imperial Age
30:36 Town Watch
31:25 Ballistics
31:56 Horse Collar
32:11 Fletching
34:32 Drill
38:06 Heavy Scorpion
41:01 Town Patrol
41:29 Caravan
42:02 Coinage
46:48 Murder Holes
47:55 Chemistry
47:04 Siege Engineers
47:09 Masonry
47:10 Fortified Wall
47:12 Careening
47:12 Clinker Construction
46:53 Guard Tower
47:10 Siphons
54:11 Banking
57:10 Heavy Plow
58:28 Conscription
58:08 Nomads
57:29 Elite Mangudai
58:55 Shipwright
58:55 Carvel Hull
59:53 Bodkin Arrow
60:00 Scale Mail Armor
60:01 Padded Archer Armor
60:06 Scale Barding Armor
60:12 Forging
67:49 Iron Casting
67:30 Chain Mail Armor
71:55 Hoardings
70:51 Sappers
73:12 Parthian Tactics
77:49 Thumb Ring
79:15 Heavy Cavalry Archer
gastongtango
1:27 Loom
13:48 Feudal Age
15:50 Wheelbarrow
16:44 Double-Bit Axe
19:45 Horse Collar
22:35 Gold Mining
22:35 Stone Mining
28:19 Castle Age
29:18 Hand Cart
29:17 Heavy Plow
29:44 Caravan
33:13 Crossbowman
38:41 Bow Saw
38:20 Town Watch
39:48 Town Patrol
42:56 Murder Holes
42:53 Guard Tower
43:23 Ballistics
42:54 Heated Shot
44:06 Arson
44:22 Squires
51:35 Imperial Age
49:17 Scale Barding Armor
49:12 Scale Mail Armor
49:23 Forging
49:03 Fletching
49:15 Padded Archer Armor
51:21 Thumb Ring
53:02 Hoardings
51:57 Sappers
52:49 Conscription
55:32 Chain Barding Armor
55:48 Iron Casting
54:43 Elite Janissary
55:45 Sipahi
54:56 Sappers
vanvuongnguyen614
0:27 Loom
12:29 Feudal Age
14:40 Double-Bit Axe
16:34 Bloodlines
17:30 Forging
17:26 Scale Barding Armor
18:32 Scale Mail Armor
20:16 Horse Collar
26:27 Castle Age
25:39 Stone Mining
27:41 Gambesons
29:23 Wheelbarrow
30:10 Stone Shaft Mining
29:39 Gold Mining
33:59 Bow Saw
33:56 Squires
35:26 Heavy Plow
41:28 Hand Cart
41:52 Iron Casting
41:39 Chain Barding Armor
51:28 Gold Shaft Mining
55:06 Caravan
55:37 Stirrups
56:06 Husbandry
60:26 Imperial Age
59:37 Town Watch
62:12 Blast Furnace
61:47 Plate Barding Armor
60:52 Elite Konnik
80:56 Onager
83:56 Crop Rotation
83:20 Fletching
83:32 Padded Archer Armor
82:57 Siege Onager
85:55 Bodkin Arrow
86:16 Leather Archer Armor
86:42 Ballistics
87:22 Chemistry
Connection lost

Rejoining the realm…

Still unreachable

The connection could not be restored.

Session expired

The server has moved on; the page needs a fresh start.